 Dungeon Crawl Stone Soup version 0.18-a0-1311-g779ca93 (webtiles) character file.

2236 dalore the Basher (level 9, -1/81 HPs)
             Began as a Minotaur Berserker on Feb 13, 2016.
             Was an Elder of Trog.
             Shot with a bolt by an orc (13 damage)
             ... in a bailey.
             The game lasted 00:49:37 (5061 turns).

dalore the Basher (Minotaur Berserker)              Turns: 5061, Time: 00:49:37

Health: -1/81      AC:  7    Str: 22    XL:     9   Next: 14%
Magic:  2/2        EV: 14    Int:  4    God:    Trog [****..]
Gold:   190        SH:  0    Dex: 13    Spells: 0 memorised, 8 levels left

rFire  . . .     SeeInvis .     B - +3 morningstar (antimagic)
rCold  . . .     Gourm    .     v - +0 ring mail
rNeg   . . .     Faith    .     (no shield)
rPois  .         Spirit   .     q - +1 hat
rElec  .         Dismiss  .     (no cloak)
rCorr  .         Reflect  .     (no gloves)
SustAt .         Harm     .     (no boots)
MR     .....                    (no amulet)
Stlth  +.........               (no ring)
                                (no ring)

@: exhausted, very slightly contaminated, not resistant to hostile enchantments,
very unstealthy
A: retaliatory headbutt, horns 2
a: Berserk, Trog's Hand, Brothers in Arms, Burn Spellbooks, Renounce Religion


You were in a bailey.
You worshipped Trog.
Trog was greatly pleased with you.
You were not hungry.

You visited 2 branches of the dungeon, and saw 8 of its levels.
You also visited: Bailey.

You collected 190 gold pieces.

Inventory:

Hand Weapons
 y - a +2 whip of flaming
   (You took it off Pikel on level 5 of the Dungeon)
 B - a +3 antimagic morningstar (weapon)
   (You took it off a wight on level 5 of the Dungeon)
Armour
 q - a +1 hat (worn)
   (You found it on level 4 of the Dungeon)
 v - a +0 ring mail (worn)
   (You found it on level 3 of the Dungeon)
Wands
 F - a wand of acid (6/15)
   (You took it off an orc on level 5 of the Dungeon)
 G - a wand of hasting (0/9)
   (You took it off an orc warrior on level 5 of the Dungeon)
Scrolls
 g - 7 scrolls of identify
 i - a scroll of blinking {unknown}
 k - a scroll of teleportation {unknown}
 l - a scroll of remove curse
 o - 3 scrolls of enchant weapon
 r - a scroll of amnesia {unknown}
 s - 2 scrolls of immolation {unknown}
 u - a scroll of magic mapping {unknown}
 w - a scroll of recharging {unknown}
 D - a scroll of noise {unknown}
 I - a scroll of silence {unknown}
 J - a scroll of fear {unknown}
Potions
 b - a potion of ambrosia {!q}
 e - 3 potions of curing
 f - a potion of magic {unknown}
 j - a potion of brilliance
 n - a potion of cure mutation {unknown}
 p - 3 potions of heal wounds {unknown}
 E - a potion of might {unknown}
Comestibles
 c - 4 bread rations {@e1}
 x - 3 chunks of flesh {@w0}
 C - a royal jelly


   Skills:
 + Level 8.1 Fighting
 + Level 8.3 Maces & Flails
 + Level 7.7 Armour
 + Level 6.7 Dodging


You had 8 spell levels left.
You didn't know any spells.

Dungeon Overview and Level Annotations

Branches:
Dungeon (7/15)             Temple (1/1) D:4

Altars:
Ashenzari
Cheibriados
Dithmenos
Elyvilon
Fedhas
Gozag
Nemelex Xobeh
Pakellas
Qazlal
Ru
Sif Muna
Trog
Vehumet
Zin
The Shining One


Innate Abilities, Weirdness & Mutations

You reflexively headbutt those who attack you in melee.
You have a pair of horns on your head.


Message History

The orc shoots a bolt.
The bolt closely misses you.
The orc shoots a bolt.
The bolt hits you but does no damage. The orc barely misses you.
You now have 74/121 hp.
You closely miss the orc. You headbutt the orc!
You kill the orc!
Trog accepts your kill.
The orc shoots a bolt.
The bolt completely misses you.
The orc shoots a bolt.
The bolt hits you.
You take 3 damage, and have 72/121 hp.
You are too injured to fight recklessly!
You feel a strong urge to attack something.
The orc shoots a bolt.
The bolt hits you!
The orc shoots a bolt.
The bolt hits you.
You see here 2 bolts.
You take 11 damage, and have 62/121 hp.
You feel your anger subside.
You puncture the orc!
You kill the orc!
Trog accepts your kill.
The orc shoots a bolt.
The bolt hits you!
You take 8 damage, and have 55/121 hp.
You are no longer berserk.
You are exhausted.
You feel yourself slow down.
You are feeling very hungry.
You now have 38/81 hp.
The orc shoots a bolt.
The bolt misses you.
You are too injured to fight recklessly!
The orc shoots a bolt.
The bolt hits you but does no damage.
You regained 2 hp, and now have 41/81 hp.
The orc unwields an uncursed arbalest.
The orc hits you but does no damage.
You regained 2 hp, and now have 43/81 hp.
You hit the orc. The orc misses you. You furiously retaliate!
You headbutt the orc, but do no damage. The orc misses you.
You furiously retaliate!
You headbutt the orc.
You kill the orc!
Trog accepts your kill.
You regained 2 hp, and now have 45/81 hp.
The orc warrior shoots a bolt.
The bolt hits you!
Things that are here:
a bolt; an uncursed arbalest; a scale mail You take 14 damage, and have 31/81 hp.
The orc warrior shoots a bolt.
The bolt hits you!!
* * * LOW HITPOINT WARNING * * *
You see here a bolt.
You take 18 damage, and have 13/81 hp.
MASSIVE DAMAGE!!
You feel the effects of Trog's Hand fading.
The orc warrior shoots a bolt.
The bolt misses you.
You see here a bolt.
You regained 2 hp, and now have 15/81 hp.
You regained 2 hp, and now have 17/81 hp.
You regained 2 hp, and now have 20/81 hp.
Your skin stops crawling.
You feel less resistant to hostile enchantments.
Things that are here:
an arbalest; 16 bolts; a scale mail You see here a bolt.
You see here 2 bolts.
Items here: ( ) [ † an uncursed arbalest; 21 bolts; a scale mail; an orc corpse You butcher the orc corpse.
x - 4 chunks of flesh {@w0} (gained 3)
Things that are here:
an uncursed arbalest; 21 bolts; a scale mail Eating one of 4 chunks of flesh {@w0}.
You continue eating. x2
You start resting.
You feel yourself speed up.
You regained 3 hp, and now have 27/81 hp.
You start resting.
The orc warrior shouts!
The orc warrior shoots a bolt.
The bolt hits you!
* * * LOW HITPOINT WARNING * * *
You see here a bolt.
You take 12 damage, and have 16/81 hp.
The orc shoots a bolt.
The bolt hits you.
* * * LOW HITPOINT WARNING * * *
You see here a bolt.
You take 5 damage, and have 11/81 hp.
Drink which item? (? for menu, Esc to quit)
You feel better.
The orc shoots a bolt.
The bolt hits you but does no damage.
You regained 10 hp, and now have 21/81 hp.
Drink which item? (? for menu, Esc to quit)
You feel better.
You regained 11 hp, and now have 32/81 hp.
Nothing appears to happen.
The orc shoots a bolt.
The bolt hits you.
You take 5 damage, and have 27/81 hp.
You are too injured to fight recklessly!
The orc shoots a bolt.
The bolt misses you.
You see here a bolt.
The orc shoots a bolt.
The bolt hits you.
You see here a bolt.
You take 3 damage, and have 25/81 hp.
The orc warrior shoots a bolt.
The bolt hits you!
* * * LOW HITPOINT WARNING * * *
You see here a bolt.
You take 14 damage, and have 11/81 hp.
The orc shoots a bolt.
The bolt hits you!
You die...

########################
..........(.(.(.........
.......(.(..(..(........
.........((@....(.......
..........((.((.........
............(.).........
........................
≈≈≈≈....o...((.......≈≈≈
#.#≈≈........(......≈≈#o#
##≈...(((...).....≈##.##
...≈o.^oo≈...............≈..^. ≈.
...≈##.##≈........(......≈##o##≈.


You could see an orc.

Vanquished Creatures
  Pikel (D:5)
  2 orc warriors
  3 ogres
  A centaur (D:5)
  2 giant frogs
  4 killer bees (D:5)
  4 wights (D:5)
  A centaur zombie (D:5)
  A crimson imp (D:5)
  4 hounds
  2 jellies
  2 orc priests
  An orc wizard (D:3)
  2 centaur skeletons
  An iguana (D:4)
  4 worker ants (D:5)
  A hound zombie (D:5)
  2 hound skeletons
  6 gnolls
  7 adders
  A shadow imp (D:5)
  2 oozes
  An adder zombie (D:5)
  3 adder skeletons (D:5)
  A worm (D:1)
  6 giant geckos
  18 orcs
  5 bats
  5 giant cockroaches
  9 goblins
  12 hobgoblins
  9 jackals
  3 quokkas
  5 giant newts
  A jackal zombie (D:7)
  5 kobolds
  A quokka skeleton (D:3)
  A quokka zombie (D:7)
  7 rats
146 creatures vanquished.

Vanquished Creatures (others)
  A slave (D:5)
  2 hounds (D:7)
  An iguana (D:7)
  An orc wizard (D:7)
  A worker ant (D:7)
  A gnoll (D:7)
  3 orcs (D:5)
  2 giant cockroaches (D:5)
  A quokka (D:3)
13 creatures vanquished.

Grand Total: 159 creatures vanquished

Notes
Turn   | Place    | Note
--------------------------------------------------------------
     0 | D:1      | dalore the Minotaur Berserker began the quest for the Orb.
     0 | D:1      | Reached XP level 1. HP: 19/19 MP: 0/0
    98 | D:1      | Reached XP level 2. HP: 17/27 MP: 1/1
   472 | D:1      | Reached ** piety under Trog
   547 | D:1      | Reached skill level 4 in Maces & Flails
   751 | D:1      | Reached XP level 3. HP: 26/33 MP: 2/2
   942 | D:1      | Reached skill level 4 in Fighting
   942 | D:1      | Reached skill level 3 in Armour
  1143 | D:2      | Reached skill level 3 in Dodging
  1319 | D:2      | Reached XP level 4. HP: 40/40 MP: 3/3
  1639 | D:2      | Reached *** piety under Trog
  1815 | D:3      | Reached XP level 5. HP: 47/47 MP: 4/4
  1912 | D:3      | Found a white marble altar of Elyvilon.
  1922 | D:3      | Reached skill level 5 in Maces & Flails
  2035 | D:3      | You fall through a shaft!
  2375 | D:3      | Reached skill level 4 in Armour
  2455 | D:4      | Reached skill level 5 in Fighting
  2503 | D:5      | Entered Level 5 of the Dungeon
  2566 | D:4      | Reached XP level 6. HP: 42/56 MP: 5/5
  2701 | D:4      | Found a staircase to the Ecumenical Temple.
  2708 | Temple   | Entered the Ecumenical Temple
  3099 | D:5      | Noticed a slave
  3099 | D:5      | Noticed a slave
  3100 | D:5      | Noticed Pikel
  3101 | D:5      | Noticed a slave
  3151 | D:5      | Reached skill level 4 in Dodging
  3161 | D:5      | Noticed a slave
  3169 | D:5      | Killed Pikel
  3169 | D:5      | Reached skill level 6 in Fighting
  3169 | D:5      | Reached skill level 6 in Maces & Flails
  3169 | D:5      | Reached skill level 5 in Armour
  3169 | D:5      | Reached skill level 5 in Dodging
  3169 | D:5      | Reached XP level 7. HP: 64/64 MP: 6/6
  3246 | D:5      | Found a snail-covered altar of Cheibriados.
  3326 | D:6      | Noticed a wolf
  3364 | D:5      | Reached XP level 8. HP: 71/71 MP: 2/7
  3434 | D:5      | HP: 17/71 [poisoned by a killer bee]
  3437 | D:5      | Reached skill level 7 in Maces & Flails
  3437 | D:5      | Reached skill level 6 in Armour
  3438 | D:5      | Reached skill level 7 in Fighting
  4033 | D:5      | Reached **** piety under Trog
  4074 | D:5      | Reached skill level 6 in Dodging
  4077 | D:5      | Reached skill level 7 in Armour
  4394 | D:5      | Reached skill level 8 in Maces & Flails
  4696 | D:7      | Found a bloodstained altar of Trog.
  4733 | D:7      | Reached XP level 9. HP: 77/81 MP: 2/8
  4837 | D:7      | Reached skill level 8 in Fighting
  4869 | D:7      | Found a flagged portal.
  4900 | Bailey   | Entered a bailey
  5022 | Bailey   | HP: 13/81 [orc warrior/bolt (20)]
  5051 | Bailey   | HP: 16/81 [orc warrior/bolt (12)]
  5060 | Bailey   | HP: 11/81 [orc warrior/bolt (14)]
  5061 | Bailey   | Shot with a bolt by an orc

Vault maps used:
D:1:      dpeg_arrival_rhombus, minmay_distorted
D:2:      kennysheep_generic_room_6
D:3:      dk_noncrumbling_2, elyvilon_altar_4
D:4:      minmay_temple_entry_purple_smoke, first_bread
D:5:      kennysheep_windowed_halls, lemuel_round_altar, uniq_pikel
D:6:      gammafunk_temple_overflow_statue, serial_gnoll_camp,
          gnoll_camp_medium_01, gnoll_camp_huts_moat, gnoll_camp_mini_loothouse,
          gnoll_camp_mini_hut, gnoll_camp_mini_sergeant, minmay_misc_feat_five
D:7:      xom_confusion_cloud, enter_bailey_3, basic_altar
Temple:   minmay_temple_curvy_14
Bailey:   bailey_polearm_2, bailey

Action                   |  1- 3 |  4- 6 |  7- 9 || total
-------------------------+-------+-------+-------++-------
Melee: Whip              |    72 |   108 |    25 ||   205
       Mace              |     3 |       |     6 ||     9
       Morningstar       |       |       |   110 ||   110
Invok: Berserk           |     1 |     3 |     4 ||     8
       Trog's Hand       |       |     3 |     8 ||    11
       Burn Spellbooks   |       |       |     1 ||     1
Evoke: Wand              |       |       |     2 ||     2
  Use: Potion            |       |     2 |     4 ||     6
       Scroll            |       |     2 |     1 ||     3
  Eat: Chunk             |     2 |     8 |    13 ||    23

Vault maps used:
D:1:      dpeg_arrival_rhombus, minmay_distorted
D:2:      kennysheep_generic_room_6
D:3:      dk_noncrumbling_2, elyvilon_altar_4
D:4:      minmay_temple_entry_purple_smoke, first_bread
D:5:      kennysheep_windowed_halls, lemuel_round_altar, uniq_pikel
D:6:      gammafunk_temple_overflow_statue, serial_gnoll_camp,
          gnoll_camp_medium_01, gnoll_camp_huts_moat, gnoll_camp_mini_loothouse,
          gnoll_camp_mini_hut, gnoll_camp_mini_sergeant, minmay_misc_feat_five
D:7:      xom_confusion_cloud, enter_bailey_3, basic_altar
Temple:   minmay_temple_curvy_14
Bailey:   bailey_polearm_2, bailey

Table legend:
 A = Turns spent in this place as a percentage of turns spent in the entire game.
 B = Non-inter-level travel turns spent in this place as a percentage of non-inter-level travel turns spent in the entire game.
 C = Inter-level travel turns spent in this place as a percentage of turns spent in this place.
 D = Turns resting spent in this place as a percentage of non-inter-level travel turns spent in this place.
 E = Turns spent auto-exploring this place as a percentage of non-inter-level travel turns spent in this place.
 F = Non-inter-level travel turns spent in this place divided by the number of levels of this place that you've seen.
                   A       B       C       D       E      F
               +-------+-------+-------+-------+-------+----------------------
         Total | 100.0 | 100.0 |   2.1 |   4.9 |   9.5 | 163.8
       Dungeon |  86.8 |  86.6 |   2.3 |   5.3 |   9.5 | 182.4
        Temple |   2.8 |   2.8 |   2.4 |   0.0 |  41.5 |  41.0
        Bailey |  10.4 |  10.6 |   0.0 |   2.6 |   1.3 | 156.0
               +-------+-------+-------+-------+-------+----------------------

Table legend:
 A = Kills in this place as a percentage of kills in entire the game.
 B = Kills by you in this place as a percentage of kills by you in the entire game.
 C = Kills by friends in this place as a percentage of kills by friends in the entire game.
 D = Other kills in this place as a percentage of other kills in the entire game.
 E = Experience gained in this place as a percentage of experience gained in the entire game.
 F = Experience gained in this place divided by the number of levels of this place that you have seen.
                   A       B       C       D       E      F
               +-------+-------+-------+-------+-------+----------------------
         Total | 100.0 | 100.0 |  -nan |  -nan | 100.0 | 355.0
       Dungeon |  97.2 |  97.2 |  -nan |  -nan |  95.6 | 436.6
        Bailey |   2.8 |   2.8 |  -nan |  -nan |   4.4 | 139.0
               +-------+-------+-------+-------+-------+----------------------
